 Dungeon Crawl Stone Soup version 0.29.1-12-g30fa7ad0bf (webtiles) character file.

Game seed: 3198778076699037635

4670 cheesebisquit the Marksminotaur (level 10, -2/74 HPs)
             Began as a Minotaur Hunter on Jan 16, 2023.
             Was a Priest of Okawaru.
             Slain by an orc warrior
             ... wielding a +0 war axe
              (17 damage)
             ... in a bailey on Jan 17, 2023.
             The game lasted 00:28:04 (8259 turns).

cheesebisquit the Marksminotaur (Minotaur Hunter)   Turns: 8259, Time: 00:28:05

Health: -2/74      AC:  5    Str: 15    XL:     10   Next: 21%
Magic:  8/9        EV: 13    Int:  6    God:    Okawaru [***...]
Gold:   276        SH:  0    Dex: 26    Spells: 9/9 levels left

rFire   . . .      SeeInvis +   q - +3 hand crossbow
rCold   . . .      Faith    .   (no shield)
rNeg    . . .      Spirit   .   c - +0 leather armour
rPois   +          Reflect  .   (helmet restricted)
rElec   .          Harm     .   h - +0 cloak
rCorr   .          Rampage  .   (no gloves)
Will    .....                   k - +0 pair of boots
Stlth   ++........              (no amulet)
HPRegen 0.22/turn               C - ring of Honahioxt {Dex+4 SInv}
MPRegen 0.11/turn               t - ring "Orcheo" {rPois Dex+3}

@: no status effects
A: horns 2, retaliatory headbutt
a: Renounce Religion, Heroism


You were in a bailey.
You worshipped Okawaru.
Okawaru was most pleased with you.
You visited 1 branch of the dungeon, and saw 7 of its levels.
You also visited: Sewer and Bailey.

You collected 346 gold pieces.
You spent 70 gold pieces at shops.

Inventory:

Hand Weapons
 a - a +0 shortbow
 q - a +3 hand crossbow (weapon)
 F - a +2 vorpal morningstar
Missiles
 p - 6 poisoned darts
Armour
 c - a +0 leather armour (worn)
 h - a +0 cloak (worn)
 k - a +0 pair of boots (worn)
Jewellery
 t - the ring "Orcheo" (right hand) {rPois Dex+3}
   (You acquired it on level 4 of the Dungeon)

   [ring of poison resistance]

   Dex:       It affects your dexterity (+3).
   rPois:     It protects you from poison.
 C - the ring of Honahioxt (left hand) {Dex+4 SInv}
   (You acquired it on level 4 of the Dungeon)

   [ring of see invisible]

   Dex:       It affects your dexterity (+4).
   SInv:      It lets you see invisible.
Wands
 u - a wand of polymorph (7)
 A - a wand of flame (42)
Scrolls
 b - 3 scrolls of fog {unknown}
 d - a scroll of vulnerability
 g - 3 scrolls of enchant armour {unknown}
 i - a scroll of blinking {unknown}
 j - 3 scrolls of teleportation
 m - 2 scrolls of fear
 y - a scroll of poison {unknown}
 B - a scroll of brand weapon {unknown}
 E - 2 scrolls of torment
 G - 2 scrolls of identify
 H - a scroll of magic mapping {unknown}
Potions
 f - 3 potions of curing
 l - 2 potions of might {unknown}
 n - 3 potions of flight
 o - 2 potions of attraction {unknown}
 r - a potion of mutation {unknown}
 s - 3 potions of magic
 v - a potion of berserk rage {unknown}
 w - 5 potions of brilliance
 x - 2 potions of haste {unknown}
 z - 2 potions of invisibility {unknown}
 D - a potion of lignification {unknown}
 I - a potion of resistance {unknown}


   Skills:
 - Level 2.4 Fighting
 + Level 16.5 Ranged Weapons
 - Level 2.2 Dodging
 - Level 0.7 Stealth


You had 9 spell levels left.
You didn't know any spells.
Your spell library contained the following spells:

 Spells                   Type           Power      Damage    Failure   Level
 Freeze                   Ice            0%         1d3       52%         1
 Static Discharge         Conj/Air       0%         3-3/arc   67%         2
 Frozen Ramparts          Ice            0%         1d1       88%         3
 Portal Projectile        Hex/Tloc       0%         N/A       88%         3
 Hailstorm                Conj/Ice       0%         3d3       99%         4
 Leda's Liquefaction      Hex/Erth       0%         N/A       99%         4
 Lightning Bolt           Conj/Air       0%         1d11      100%        5
 Maxwell's Capacitive Co  Air            0%         ∞         100%        8
 Call Canine Familiar     Summ           Unusable   N/A       N/A         3

Dungeon Overview and Level Annotations

Branches:
Dungeon (7/15)             Temple (0/1) D:7           Sewer (visited)
 Bailey (1/1)

Altars:
Elyvilon
Okawaru
Ru
Uskayaw

Shops:
D:2 (

Annotations:
D:3 2 transporters, hawla's ghost, weakling MeIE
D:7 2 transporters, ctx's ghost, novice GnEE


Innate Abilities, Weirdness & Mutations

You have a pair of horns on your head.
You reflexively headbutt those who attack you in melee.


Message History

The gnoll closely misses you.
You shoot a bolt. The bolt hits the gnoll!!
You kill the gnoll!
Okawaru accepts your kill.
You shoot a bolt.
The bolt hits the orc warrior but does no damage.
You feel like a meek peon again.
The orc warrior hits you with a +0 war axe!!
You feel much better.
The orc warrior hits you with a +0 war axe!!
* * * LOW HITPOINT WARNING * * *
As you read the scroll of fear, it crumbles to dust.
You assume a fearsome visage.
The orc warrior looks frightened!
The goblin looks frightened!
The orc looks frightened!
The orc warlord looks frightened!
The goblin looks frightened!
The orc warrior looks frightened! x2
The orc warrior no longer looks unusually strong.
Fire: q) +3 hand crossbow
Press: ? - help, Q - select action, (/) - cycle Shift-Dir - straight line, f/p - orc warrior
Aim: an orc warrior, wielding a +0 war axe and wearing a +0 plate armour (strong, fleeing, 75% to hit)
You shoot a bolt. The bolt hits the orc warrior!
Your attack snaps the orc warrior out of its fear.
The orc warrior is heavily wounded.
Fire: q) +3 hand crossbow
Press: ? - help, Q - select action, (/) - cycle Shift-Dir - straight line, f/p - orc warrior
Aim: an orc warrior, wielding a +0 war axe and wearing a +0 plate armour (heavily wounded, strong, 75% to hit)
You shoot a bolt. The bolt hits the orc warrior!
The orc warrior is almost dead.
The orc begs for mercy.
The orc warrior closely misses you. You furiously retaliate!
You headbutt the orc warrior.
The goblin gibbers meaninglessly.
Fire: q) +3 hand crossbow
Press: ? - help, Q - select action, (/) - cycle Shift-Dir - straight line, f/p - orc warrior
Aim: an orc warrior, wielding a +0 war axe and wearing a +0 plate armour (almost dead, strong, 75% to hit)
You shoot a bolt.
The bolt hits the orc warrior but does no damage.
The orc warrior is almost dead.
The orc warrior hits you with a +0 war axe!
You die...

##.......## #.........#
##.........##
#######.....⌠.....#######
##.....##.........##.....##
#......))........)).......#
##......)##.......##)......##
#.........#.......#.........#
##.....)...##88@88##.........##
#.....⌠.....###o###.....⌠.....#
##.........## ... ##...).)...##
#.........# ..... #.).......#
##.......##...)...##....)..##
#.......#....o...g#.......#
##.....##o......go##.....##
##'####.....o.....####'##
##.....## ##.....##


You could see an orc warlord (fleeing), 3 orc warriors, an orc (strong, fleeing)
and 2 goblins.

Vanquished Creatures
  An orc knight (Bailey)
  4 water moccasins
  10 orc warriors (Bailey)
  3 sky beasts
  3 ice beasts
  2 ogres
  2 centaurs
  5 phantoms
  4 bullfrogs
  2 necrophages (D:5)
  3 scorpions
  A wight (D:7)
  A gnoll bouda (D:4)
  4 hounds
  3 jellies (D:5)
  5 orc priests
  2 iguanas
  Natasha (D:3)
  2 orc wizards
  12 adders
  21 gnolls
  2 river rats (Sewer)
  2 white imps
  2 ufetubi
  2 worms
  3 dart slugs
  27 orcs
  17 ball pythons
  2 bats
  2 endoplasms (D:1)
  4 giant cockroaches
  15 goblins
  14 hobgoblins
  11 jackals
  4 quokkas
  6 frilled lizards
  8 kobolds
  35 rats
247 creatures vanquished.

Notes
Turn   | Place    | Note
-------+----------+-------------------------------------------
     0 | D:1      | cheesebisquit the Minotaur Hunter began the quest for the
                  | Orb.
     0 | D:1      | Reached XP level 1. HP: 18/18 MP: 0/0
   274 | D:1      | Reached XP level 2. HP: 25/25 MP: 1/1
   315 | D:1      | Reached skill level 5 in Ranged Weapons
   511 | D:1      | Found a faded altar of an unknown god.
   558 | D:1      | Reached XP level 3. HP: 30/30 MP: 2/2
  1068 | D:2      | Found Lamitsao's Antique Weapon Emporium.
  1109 | D:2      | Reached skill level 6 in Ranged Weapons
  1139 | D:2      | Bought a hand crossbow for 70 gold pieces
  1376 | D:2      | Reached XP level 4. HP: 37/37 MP: 3/3
  1535 | D:3      | Found a transporter.
  1538 | D:3      | Noticed hawla's ghost (weakling MeIE)
  1617 | D:3      | Reached skill level 7 in Ranged Weapons
  1617 | D:3      | Reached XP level 5. HP: 22/42 MP: 4/4
  2062 | D:3      | Found a hide-covered altar of Uskayaw.
  2062 | D:3      | Noticed a +0 dagger
  2062 | D:3      | Noticed a +0 spear
  2064 | D:3      | Noticed a +0 spear
  2065 | D:3      | Noticed a +0 dagger
  2065 | D:3      | Noticed a +0 falchion
  2065 | D:3      | Noticed a +0 short sword
  2071 | D:3      | Noticed a +0 falchion
  2072 | D:3      | Noticed a +0 short sword
  2136 | D:3      | Noticed an ogre
  2334 | D:3      | You fall into a shaft and drop 2 floors!
  2334 | D:5      | Entered Level 5 of the Dungeon
  2479 | D:4      | Found a glowing drain.
  2489 | Sewer    | Entered a sewer
  2595 | Sewer    | Reached skill level 8 in Ranged Weapons
  2595 | Sewer    | Reached XP level 6. HP: 50/50 MP: 5/5
  3101 | D:3      | Found a transporter.
  3146 | D:3      | Reached skill level 9 in Ranged Weapons
  3248 | D:3      | Found an iron altar of Okawaru.
  3297 | D:3      | Found a sacrificial altar of Ru.
  3389 | D:3      | Reached XP level 7. HP: 56/56 MP: 6/6
  3482 | D:3      | Noticed Natasha
  3484 | D:3      | Killed Natasha
  3918 | D:4      | Identified 2 scrolls of acquirement
  3918 | D:4      | Acquired the ring of Honahioxt {Dex+4 SInv}
  3921 | D:4      | Acquired the ring "Orcheo" {rPois Dex+3}
  3932 | D:4      | Reached skill level 10 in Ranged Weapons
  4368 | D:4      | Found a white marble altar of Elyvilon.
  4674 | D:5      | Reached skill level 11 in Ranged Weapons
  4674 | D:5      | Reached XP level 8. HP: 58/62 MP: 7/7
  5017 | D:3      | Became a worshipper of Warmaster Okawaru
  5697 | D:5      | Reached skill level 12 in Ranged Weapons
  6179 | D:6      | Reached * piety under Okawaru
  6253 | D:6      | Reached skill level 13 in Ranged Weapons
  6429 | D:6      | Reached XP level 9. HP: 68/68 MP: 5/8
  6780 | D:6      | Reached skill level 14 in Ranged Weapons
  7299 | D:7      | Found a transporter.
  7321 | D:7      | Reached ** piety under Okawaru
  7323 | D:7      | Found a transporter.
  7328 | D:7      | Noticed ctx's ghost (novice GnEE)
  7336 | D:7      | Noticed a moth of wrath
  7653 | D:7      | Reached skill level 15 in Ranged Weapons
  7681 | D:7      | Found a staircase to the Ecumenical Temple.
  7732 | D:7      | Found a flagged portal.
  7741 | Bailey   | Entered a bailey
  7764 | Bailey   | Noticed an orc knight
  7774 | Bailey   | Killed an orc knight
  7893 | Bailey   | Reached XP level 10. HP: 74/74 MP: 7/9
  7932 | Bailey   | Reached skill level 16 in Ranged Weapons
  7959 | Bailey   | Reached *** piety under Okawaru
  8244 | Bailey   | Noticed an orc warlord
  8259 | Bailey   | Slain by an orc warrior

Illustrated notes

Levels and vault maps discovered:
D:1:      dpeg_arrival_prison, layout_basic,
          shapermc_ecumenical_altar_acropolis, minmay_hedge_maze
D:2:      layout_loops_ring, serial_shops, nicolae_shop_trees, minmay_tall_x
D:3:      layout_basic, okawaru_altar_gauntlet_db, nicolae_uskayaw_en_pointe,
          nicolae_ru_great_annihilating_truth, gammafunk_ghost_stat_death,
          st_stairs_9, dk_vineyard_2, uniq_natasha
D:4:      layout_gridville, nicolae_elyvilon_peaceful_grove,
          portal_sewer_entry_b, minmay_parallelograms
D:5:      layout_cave_pods, serial_column_ruins, column_ruins_circle_small,
          column_ruins_columns_dead_end, column_ruins_open_medium,
          column_ruins_grid_2, column_ruins_columns_dead_end,
          column_ruins_grid_1, column_ruins_grid_1, enter_ossuary_2
D:6:      layout_gridville, kennysheep_path_1, hangedman_minor_gate_pass
D:7:      layout_basic, minmay_temple_entry_statues_fountains, enter_bailey_2,
          gammafunk_ghost_berserking_beasts, kennysheep_windowed_goal
Bailey:   bailey_axe_minmay_hex_keep, bailey

Skill      XL: |  1  2  3  4  5  6  7  8  9 10 |
---------------+-------------------------------+-----
Ranged Weapons | 5 6 7 8 9 11 13 15 16 | 16.5
Fighting       | |  2.4
Dodging        | |  2.2
Stealth        | |  0.7

Action                   |  1- 3 |  4- 6 |  7- 9 | 10-12 || total
-------------------------+-------+-------+-------+-------++-------
 Fire: Shortbow          |    99 |       |       |       ||    99
       Hand crossbow     |     8 |   145 |   213 |    50 ||   416
Invok: Heroism           |       |       |     9 |     4 ||    13
  Use: Scroll            |       |     4 |    11 |     1 ||    16
       Potion            |       |     2 |     1 |     5 ||     8
Armor: Leather armour    |    11 |    32 |    22 |       ||    65
Dodge: Dodged            |    34 |    40 |    40 |    25 ||   139
